[Event "*** SCC Grand Prix: Titled Tuesday Blitz"]
[Site "Chess.com"]
[Date "2020.07.14"]
[Round "6"]
[White "N00bM3ster"]
[Black "Alopekos"]
[Result "1-0"]
[WhiteElo "2813"]
[BlackElo "2343"]
[TimeControl "180+1"]
[EndTime "11:06:55 PDT"]
[Termination "N00bM3ster won on time"]

1. e4 e5 2. Nf3 Nc6 3. Bb5 a6 4. Bxc6 dxc6 5. O-O Bg4 6. h3 h5 7. d3 Qf6 8. Nbd2 Ne7 9. b3 Ng6 10. Bb2 Bd6 11. Re1 Nf4 12. Re3 Bxh3 13. gxh3 Qg6+ 14.
Kf1 Qg2+ 15. Ke1 Bc5 16. Nc4 b5 17. Ncxe5 Bxe3 18. fxe3 Qg3+ 19. Kd2 Qf2+ 20. Kc1 Ne2+ 21. Kb1 f6 22. Nd4 Nxd4 23. Ng6 Rh6 24. Bxd4 Rxg6 25.
Qxh5 Kf7 26. Kb2 Qg2 27. e5 Qg5 28. Qf3 Kg8 29. Qxc6 Rf8 30. Rf1 1-0

[Event "*** SCC Grand Prix: Titled Tuesday Blitz"]
[Site "Chess.com"]
[Date "2020.07.14"]
[Round "6"]
[White "saraswathii"]
[Black "louis198"]
[Result "0-1"]
[WhiteElo "2333"]
[BlackElo "2554"]
[TimeControl "180+1"]
[EndTime "11:06:55 PDT"]
[Termination "louis198 won by resignation"]

1. d4 e6 2. Bf4 d5 3. e3 Bd6 4.
Bg3 Ne7 5. Nf3 c5 6. c3 Nbc6 7. Bd3 h6 8. O-O O-O 9. Nbd2 a6 10. Qe2 f5 11. h3 Bxg3 12. fxg3 Qd6 13. Qf2 Bd7 14. Rfe1 b5 15. a4 c4 16. Bc2 b4 17. Nf1 Rab8 18. Rab1 Na5 19. Ne5 b3 20. Bd1 Be8 21. Ra1 Nac6 22. Nxc6 Nxc6 23. Nd2 Rb7 24.
Nf3 Rbf7 25. Be2 Kh8 26. Nh4 Rf6 27. Nf3 g5 28. h4 g4 29. Nh2 h5 30. Qf4 Qd8 31. Qg5 f4 32. exf4 Rg8 33. Bd1 Rxg5 34. hxg5 Rf8 35. Rxe6 Qd7 36. Rh6+ Kg7 37. Be2 Qe7 38.
Re1 Qe3+ 39. Kh1 Qd2 0-1

[Event "*** SCC Grand Prix: Titled Tuesday Blitz"]
[Site "Chess.com"]
[Date "2020.07.14"]
[Round "6"]
[White "vanImpe"]
[Black "Miss_JJ20"]
[Result "1-0"]
[WhiteElo "2519"]
[BlackElo "2286"]
[TimeControl "180+1"]
[EndTime "11:06:56 PDT"]
[Termination "vanImpe won by checkmate"]

1. g3 Nf6 2. Bg2 g6 3. d4 Bg7 4. e4 d6 5. Ne2 O-O 6. O-O Nbd7 7. c4 c6 8. Nbc3 Qa5 9. h3 e5 10. Be3 exd4 11. Nxd4 Rd8 12. Qc2 Nc5 13. Nb3 Nxb3 14.
axb3 Qc7 15. Rad1 Be6 16. Rd2 Rac8 17. Rfd1 Ne8 18. Ne2 c5 19. Nc3 Qa5 20. Kh2 a6 21. Nd5 Bxd5 22. Rxd5 Qc7 23. f4 Qe7 24. Bf2 Nc7 25.
R5d2 Ne6 26. b4 Bd4 27. f5 Bxf2 28. fxe6 Bd4 29. exf7+ Kxf7 30. bxc5 dxc5 31. e5 Kg7 32. Qe4 b5 33. cxb5 axb5 34. e6 Re8 35. Re1 Qf6 36. b4 Re7 37. bxc5 Bxc5 38. Rd7 b4 39. Qb7 Re8 40. Rf1 Qxe6 41. Rxe7+ Rxe7 42. Qa8 Bd6 43. Qf8# 1-0

[Event "*** SCC Grand Prix: Titled Tuesday Blitz"]
[Site "Chess.com"]
[Date "2020.07.14"]
[Round "6"]
[White "Kaua18"]
[Black "Agnes66678"]
[Result "1-0"]
[WhiteElo "2289"]
[BlackElo "2405"]
[TimeControl "180+1"]
[EndTime "11:06:56 PDT"]
[Termination "Kaua18 won by resignation"]

1. e4 e5 2. Nf3 Nf6 3. d4 Nxe4 4. Bd3 d5 5. dxe5 Bf5 6. O-O Bc5 7. c3 O-O 8. Nd4 Bg6 9. f3 Ng5 10. f4 Bxd3 11.
Qxd3 Ne4 12. Nd2 Nxd2 13. Bxd2 Bb6 14. b4 Nc6 15. Rae1 a5 16. b5 Nxd4 17. cxd4 f5 18. a4 Qe7 19. Bc1 Qe6 20. Ba3 Rfc8 21. Rc1 c6 22. Rfd1 h6 23. h3 Kh7 24. Kh2 g6 25. Rd2 Rc7 26. Rdc2 Rac8 27. Bd6 Rg7 28. bxc6 bxc6 29. Rxc6 Rxc6 30. Rxc6 Bd8 31. Qb5 Qf7 32. Rc8 Rg8 33. Qb8 Qe8 34. Qb7+ Kh8 35. Qxd5 g5 36. Bc7 gxf4 37. Rxd8 1-0

[Event "*** SCC Grand Prix: Titled Tuesday Blitz"]
[Site "Chess.com"]
[Date "2020.07.14"]
[Round "6"]
[White "RobPeresian"]
[Black "Tolya2"]
[Result "0-1"]
[WhiteElo "2240"]
[BlackElo "2398"]
[TimeControl "180+1"]
[EndTime "11:06:56 PDT"]
[Termination "Tolya2 won on time"]

1. e4 c5 2. Nf3 d6 3. Bb5+ Nd7 4. O-O Nf6 5. Re1 e6 6. d4 cxd4 7. Qxd4 Be7 8. c4 O-O 9. Bxd7 Bxd7 10. Nc3 Bc6 11.
b3 a6 12. a4 Nd7 13. Bb2 e5 14. Qe3 Rb8 15. a5 b5 16. cxb5 Bxb5 17. Nd5 Nf6 18. Nxf6+ Bxf6 19. Red1 Qe7 20. Ba3 Rfd8 21. Rac1 Qe6 22.
Nd2 h6 23. g3 Bg5 24. f4 exf4 25. gxf4 Be7 26. Nc4 Bxc4 27. bxc4 Rdc8 28. Rd5 Qg4+ 29. Qg3 Qe2 30. Qd3 Qxd3 31. Rxd3 Rc6 32. e5 Rd8 33. exd6 Bf6 34. c5 Kf8 35. Rb3 g5 36. fxg5 Bxg5 37. Rcc3 Bf6 0-1

[Event "*** SCC Grand Prix: Titled Tuesday Blitz"]
[Site "Chess.com"]
[Date "2020.07.14"]
[Round "6"]
[White "XiaoKangZhong"]
[Black "MomchilPetkov"]
[Result "0-1"]
[WhiteElo "2441"]
[BlackElo "2583"]
[TimeControl "180+1"]
[EndTime "11:06:58 PDT"]
[Termination "MomchilPetkov won by resignation"]

1. e4 c5 2. c3 a6 3. d4 cxd4 4. cxd4 d5 5. exd5 Nf6 6. Nc3 Nxd5 7. Qf3 Nf6 8. Bd3 Nc6 9. Nge2 Bg4 10. Qe3 e6 11. O-O Be7 12. h3 Bh5 13. Rd1 O-O 14. Qg3 Rc8 15. Bh6 Bg6 16. Bxg6 hxg6 17. Be3 Nb4 18.
Rac1 Nbd5 19. Nxd5 Nxd5 20. Nc3 Nxc3 21. Rxc3 Rxc3 22.
bxc3 b5 23. a4 bxa4 24. Ra1 Qa5 25. Bc1 Rc8 26. Bd2 Qb5 27. Qe3 a3 28. Qe1 a5 29.
Qf1 Qb2 30. Qd1 a2 31. Qc1 Qb3 32. Qd1 Qxd1+ 33. Rxd1 Rb8 0-1

[Event "*** SCC Grand Prix: Titled Tuesday Blitz"]
[Site "Chess.com"]
[Date "2020.07.14"]
[Round "6"]
[White "ChessicallyInclined"]
[Black "KobyKalavannan"]
[Result "0-1"]
[WhiteElo "2498"]
[BlackElo "2740"]
[TimeControl "180+1"]
[EndTime "11:06:59 PDT"]
[Termination "KobyKalavannan won by resignation"]

1. d4 Nf6 2. c4 g6 3. Nc3 Bg7 4. e4 d6 5. f3 O-O 6. Be3 Nc6 7. Nge2 a6 8. Qd2 Bd7 9. g4 b5 10. h4 h5 11. g5 Ne8 12. f4 Na5 13. Ng3 e6 14. c5 dxc5 15. dxc5 Bc6 16. Qc2 f5 17. gxf6 Nxf6 18. Be2 Nc4 19. Bxc4 bxc4 20.
Rd1 Qe7 21. Bd4 Ng4 22. Bxg7 Kxg7 23. Nce2 Qxc5 24. Nd4 Rae8 25. Qc3 Kh7 26. O-O Rf6 27. Kg2 Ref8 28. Nxc6 Qxc6 29. Qd2 Qb6 30. Rde1 Qd6 31. Qc3 Qc5 32. f5 e5 33. fxg6+ Kxg6 34. Nf5 Rg8 35. Rg1 Qf2+ 0-1

[Event "*** SCC Grand Prix: Titled Tuesday Blitz"]
[Site "Chess.com"]
[Date "2020.07.14"]
[Round "6"]
[White "mattcolins2025"]
[Black "VladimirBugayev"]
[Result "1-0"]
[WhiteElo "2394"]
[BlackElo "2109"]
[TimeControl "180+1"]
[EndTime "11:07:00 PDT"]
[Termination "mattcolins2025 won by checkmate"]

1. d4 d5 2. c4 c6 3. Nc3 Nf6 4. Nf3 e6 5. Bg5 Nbd7 6. e3 Qa5 7. Nd2 Bb4 8. Qc2 Ne4 9. Ndxe4 dxe4 10. Bf4 e5 11. Bg3 O-O 12. Be2 f5 13. dxe5 Bxc3+ 14. bxc3 Nxe5 15. Qb3 Be6 16. O-O b6 17. Rac1 Rad8 18.
Rfd1 Qc5 19. Rd4 Nf7 20. Rcd1 b5 21. Qb4 Qxb4 22. cxb4 bxc4 23. a3 c3 24. Rc1 Rxd4 25. exd4 Bd5 26. Rxc3 Nd8 27. Bd6 Rf6 28. Bc5 f4 29. Bxa7 Ne6 30. Bg4 Ng5 31. Bb8 g6 32. Be5 Rf7 33. h4 h5 34. Bc8 Ne6 35. b5 e3 36.
fxe3 f3 37. gxf3 Rxf3 38. bxc6 Ng7 39. c7 Kh7 40. Bg4 hxg4 41. c8=Q Nf5 42. Rc7+ Kh6 43.
Qh8# 1-0

[Event "*** SCC Grand Prix: Titled Tuesday Blitz"]
[Site "Chess.com"]
[Date "2020.07.14"]
[Round "6"]
[White "KratosKrieg"]
[Black "MariaFominykh"]
[Result "0-1"]
[WhiteElo "1951"]
[BlackElo "2272"]
[TimeControl "180+1"]
[EndTime "11:07:00 PDT"]
[Termination "MariaFominykh won on time"]

1. e4 d6 2. d4 Nf6 3. Nc3 Nbd7 4. Nf3 e5 5. Bc4 Be7 6. O-O O-O 7. a4 c6 8. Re1 b6 9. Qd3 Bb7 10. Bg5 a6 11. Ba2 Nh5 12. Bxe7 Qxe7 13. dxe5 Nxe5 14. Nxe5 dxe5 15. Rad1 Rad8 16. Qf3 Nf4 17. Rxd8 Rxd8 18. Rd1 Rxd1+ 19. Qxd1 b5 20. g3 Ng6 21. axb5 axb5 22.
Ne2 Bc8 23. Qd3 Be6 24. Bxe6 Qxe6 25. Nc3 h6 26. Nd1 Kh7 27. Ne3 Ne7 28. Kg2 g6 29. Qd8 Ng8 30. h3 Nf6 0-1

[Event "*** SCC Grand Prix: Titled Tuesday Blitz"]
[Site "Chess.com"]
[Date "2020.07.14"]
[Round "6"]
[White "GeorgMeier"]
[Black "Sychev_Klementy"]
[Result "1-0"]
[WhiteElo "2960"]
[BlackElo "2734"]
[TimeControl "180+1"]
[EndTime "11:07:01 PDT"]
[Termination "GeorgMeier won by resignation"]

1. Nf3 Nf6 2. g3 d5 3. Bg2 g6 4. c4 c6 5. b3 Bg7 6. Bb2 O-O 7. O-O Bg4 8. d4 Ne4 9. Nc3 Nxc3 10. Bxc3 Nd7 11.
Rc1 Re8 12. h3 Bf5 13. cxd5 cxd5 14. Ne5 Nf6 15. a4 Rc8 16. a5 Ne4 17. Bb4 f6 18.
Nd3 Qd7 19. g4 Be6 20. Nc5 Nxc5 21. Bxc5 a6 22. b4 f5 23. gxf5 Bxf5 24. Qb3 e6 25. Qg3 Rc6 26. Rfd1 Qf7 27. e3 h5 28. h4 Bf6 29. f3 Kh7 30. e4 dxe4 31. fxe4 Bg4 32. Rf1 e5 33. dxe5 Rxe5 34. Qxe5 Qg7 35. Qg3 1-0

[Event "*** SCC Grand Prix: Titled Tuesday Blitz"]
[Site "Chess.com"]
[Date "2020.07.14"]
[Round "6"]
[White "kirillshevchenko"]
[Black "topotun"]
[Result "1-0"]
[WhiteElo "2931"]
[BlackElo "2706"]
[TimeControl "180+1"]
[EndTime "11:07:01 PDT"]
[Termination "kirillshevchenko won on time"]

1. e4 c5 2. Nf3 e6 3. d4 cxd4 4. Nxd4 Nc6 5. Nc3 Qc7 6. Qd3 a6 7. Nxc6 Qxc6 8. Qg3 b5 9. a3 Bb7 10. Bd3 h5 11. h4 Nf6 12. Bd2 Rc8 13. O-O-O g6 14.
Rhe1 Be7 15. e5 Ng4 16. f3 Nh6 17. Bxh6 Rxh6 18. Be4 Qc7 19. Bxb7 Qxb7 20. Ne4 b4 21. axb4 Qxb4 22. f4 Rb8 23. b3 a5 24. f5 Qa3+ 25.
Kb1 a4 26. Nf6+ Bxf6 27. exf6 Ra8 28. fxe6 fxe6 29. Qc7 Rh7 30. Rxe6+ Kf8 31. Ra6 Rxa6 32. Qc8+ Kf7 33. Rxd7+ Kxf6 34. Qxa6+ 1-0

[Event "*** SCC Grand Prix: Titled Tuesday Blitz"]
[Site "Chess.com"]
[Date "2020.07.14"]
[Round "6"]
[White "econpower"]
[Black "Artyom_ChessMate"]
[Result "1-0"]
[WhiteElo "2680"]
[BlackElo "2510"]
[TimeControl "180+1"]
[EndTime "11:07:01 PDT"]
[Termination "econpower won on time"]

1. c4 e6 2. g3 d5 3. Bg2 Nf6 4.
Nf3 Be7 5. O-O O-O 6. Qc2 d4 7. d3 Nc6 8. e3 dxe3 9. Bxe3 Nb4 10. Qb3 Qxd3 11. Nc3 Qc2 12. Rfc1 Qxb3 13. axb3 Rd8 14. Ne5 a6 15. Na4 Ne8 16. Bc5 Bxc5 17. Nxc5 Nd6 18.
Rd1 Rf8 19. Ra4 Nc2 20. Rd2 b5 21. Bxa8 bxa4 22. Rxc2 axb3 23. Nxb3 a5 24. Nxa5 f6 25. Nf3 e5 26. Bd5+ Kh8 27. c5 Nb5 28. Bc4 Na7 29. b4 Bf5 30. Rd2 Bg4 31. Kg2 g6 32. h3 Bf5 33. g4 Bc8 34. g5 Kg7 35. gxf6+ Kxf6 36. Re2 Re8 37. Nd2 Bf5 38. Ne4+ Kg7 39. Ng3 1-0

[Event "*** SCC Grand Prix: Titled Tuesday Blitz"]
[Site "Chess.com"]
[Date "2020.07.14"]
[Round "6"]
[White "ural58"]
[Black "ckgchess"]
[Result "0-1"]
[WhiteElo "2482"]
[BlackElo "2656"]
[TimeControl "180+1"]
[EndTime "11:07:01 PDT"]
[Termination "ckgchess won by resignation"]

1. e4 c5 2. b3 Nc6 3. Bb2 e5 4. f4 exf4 5. Qf3 Nf6 6. Qxf4 Be7 7. e5 Nd5 8. Qe4 Nc7 9. Nc3 d5 10. exd6 Qxd6 11. O-O-O O-O 12. Bd3 Qg6 13. Nf3 Qxe4 14.
Bxe4 Be6 15. Bxc6 bxc6 16. Rhe1 a5 17. Na4 c4 18. bxc4 Rab8 19. Bc3 Ba3+ 20. Nb2 Bxc4 21. Re4 Bd5 22. Ra4 Nb5 23. Bxa5 Ra8 24. Rxa3 Nxa3 25. Bb4 Rfb8 26. Bd6 Rb7 27. d3 Nb5 28. Bc5 Nc3 29. a3 Rxb2 30. Kxb2 Nxd1+ 31. Kc1 Nc3 0-1

[Event "*** SCC Grand Prix: Titled Tuesday Blitz"]
[Site "Chess.com"]
[Date "2020.07.14"]
[Round "6"]
[White "KaterynaLagno"]
[Black "Nafania1"]
[Result "1/2-1/2"]
[WhiteElo "2733"]
[BlackElo "2441"]
[TimeControl "180+1"]
[EndTime "11:07:01 PDT"]
[Termination "Game drawn by repetition"]

1. e4 e6 2. d4 d5 3. Nd2 Be7 4. Ngf3 Nf6 5. e5 Nfd7 6. Bd3 c5 7. c3 Nc6 8. O-O a5 9. Re1 cxd4 10. cxd4 a4 11.
Nb1 Nb6 12. Nc3 a3 13. bxa3 O-O 14. a4 Nb4 15. Bb5 Bd7 16. a3 Nc6 17. Rb1 Na5 18.
Bxd7 Nxd7 19. Nb5 Nb6 20. Bd2 Nbc4 21. Bb4 Nc6 22. Qb3 N6a5 23. Qd3 Nc6 24. Qc2 Ra6 25. Nd2 Bxb4 26. axb4 Nxd2 27. Qxd2 Rxa4 28. Nd6 Qb6 29.
Red1 Rxb4 30. Rxb4 Qxb4 31. Qxb4 Nxb4 32. Nxb7 f6 33. Nc5 Kf7 34. Rb1 Nc6 35. Rb7+ Ne7 36. Rb6 fxe5 37. dxe5 Rc8 38. Nd3 Rc3 39. Ne1 Rc1 40. Kf1 Ng6 41. Rb7+ Kf8 42. Rb8+ Kf7 43. Rb7+ Kf8 44. Rb8+ Kf7 45. Rb7+ 1/2-1/2

[Event "*** SCC Grand Prix: Titled Tuesday Blitz"]
[Site "Chess.com"]
[Date "2020.07.14"]
[Round "6"]
[White "Alindsay211"]
[Black "denispopov"]
[Result "1-0"]
[WhiteElo "2292"]
[BlackElo "1771"]
[TimeControl "180+1"]
[EndTime "11:07:01 PDT"]
[Termination "Alindsay211 won by checkmate"]

1. e4 c5 2. Nf3 Nc6 3. d4 cxd4 4. Nxd4 e5 5. Nb5 a6 6. Nd6+ Bxd6 7. Qxd6 Qf6 8. Qd1 Qg6 9. Nc3 d5 10. f3 d4 11. Nd5 Qd6 12. Nb6 Rb8 13. Nxc8 Rxc8 14. c3 Nge7 15. Be2 O-O 16. O-O Rfd8 17. cxd4 Nxd4 18.
Bg5 f6 19. Bh4 Nec6 20. Bc4+ Kh8 21. Bd5 Nb4 22. Bxb7 Rb8 23. Bd5 Nxd5 24. exd5 Qxd5 25. b3 Qb5 26. Qb1 Ne2+ 27. Kh1 Nc3 28. Qf5 Qd7 29. Qxd7 Rxd7 30. Rfc1 Ne2 31. Rc6 Rbd8 32. h3 Rd6 33. Rc7 h6 34. Bf2 Nd4 35. Rac1 Nb5 36.
Rb7 Rd1+ 37. Rxd1 Rxd1+ 38. Kh2 Rd2 39. Bc5 Rxa2 40. b4 Kg8 41. Rb6 Nd4 42. Rb8+ Kf7 43. Rb7+ Kg8 44. Kg3 Ne2+ 45. Kg4 Nf4 46. g3 Nd3 47. Bd6 Ra4 48. Kf5 Ra3 49. Kg6 Kh8 50. Rb8# 1-0

[Event "*** SCC Grand Prix: Titled Tuesday Blitz"]
[Site "Chess.com"]
[Date "2020.07.14"]
[Round "6"]
[White "Biranidun"]
[Black "deribas12345"]
[Result "1-0"]
[WhiteElo "2880"]
[BlackElo "2621"]
[TimeControl "180+1"]
[EndTime "11:07:02 PDT"]
[Termination "Biranidun won by resignation"]

1. e4 e6 2. d4 d5 3. Nc3 Nf6 4. e5 Ne4 5. Nxe4 dxe4 6. Bc4 a6 7. a4 b6 8. Nh3 c5 9. d5 exd5 10. Qxd5 Qxd5 11. Bxd5 Ra7 12. Bxe4 Bxh3 13. gxh3 Re7 14. f4 f6 15. a5 b5 16. Be3 fxe5 17. f5 Rd7 18. Ke2 Be7 19. Rhd1 Rxd1 20. Rxd1 Kf7 21. Rd5 Rd8 22. Rxe5 Bf6 23. Rxc5 Bxb2 24. Rc7+ Kf6 25. h4 h6 26. c4 b4 27. Rb7 Bc3 28. Rb6+ Kf7 29. Bd5+ Ke8 30. Bc5 Kd7 31. Bxb4 Bxb4 32. Rxb4 Kd6 33. Kd3 Kc5 34. Rb6 Nd7 35. Rxa6 Re8 36.
Re6 Rb8 37. Kc3 Rc8 38. a6 Nb8 39. a7 Nd7 40. a8=Q 1-0

[Event "*** SCC Grand Prix: Titled Tuesday Blitz"]
[Site "Chess.com"]
[Date "2020.07.14"]
[Round "6"]
[White "rpragchess"]
[Black "SGchess01"]
[Result "1-0"]
[WhiteElo "2808"]
[BlackElo "2629"]
[TimeControl "180+1"]
[EndTime "11:07:02 PDT"]
[Termination "rpragchess won by resignation"]

1. d4 Nf6 2. Bf4 d6 3. Nf3 g6 4. e3 Bg7 5. h3 O-O 6. Be2 b6 7. c4 c5 8. Nc3 Bb7 9. O-O Ne4 10. Nxe4 Bxe4 11. Qd2 Nd7 12. d5 Bxf3 13. Bxf3 a6 14. Be2 Qc7 15. a4 Be5 16. Bh6 Bg7 17. Bxg7 Kxg7 18.
e4 Nf6 19. Bd3 Rfe8 20. f4 e6 21. Qc3 exd5 22. cxd5 Qd8 23. Rae1 Kg8 24. b4 Nd7 25. b5 axb5 26. Bxb5 Re7 27. e5 Nf8 28. f5 dxe5 29. f6 Rd7 30. Bc6 Raa7 31. Rxe5 Rd6 32. Re8 Qc7 33. Qe3 Rd8 34. Qh6 1-0

[Event "*** SCC Grand Prix: Titled Tuesday Blitz"]
[Site "Chess.com"]
[Date "2020.07.14"]
[Round "6"]
[White "BocharovD"]
[Black "x-3738459472"]
[Result "1/2-1/2"]
[WhiteElo "2766"]
[BlackElo "2559"]
[TimeControl "180+1"]
[EndTime "11:07:02 PDT"]
[Termination "Game drawn by repetition"]

1. d4 Nf6 2. c4 c5 3. d5 e5 4. Nc3 d6 5. e4 Be7 6. g3 Nbd7 7. Bg2 Nf8 8. h4 h6 9. Nge2 N8h7 10.
f3 a6 11. Be3 Bd7 12. Rb1 b5 13. b4 cxb4 14. Rxb4 bxc4 15. Rxc4 O-O 16. O-O Qa5 17. Qd3 Rfc8 18. Rb1 Rxc4 19. Qxc4 Rc8 20. Qb4 Qxb4 21. Rxb4 Bd8 22. Kf2 Nf8 23. Bf1 Ne8 24. Rb3 f5 25.
Nc1 Ba5 26. N1e2 Nf6 27. Bb6 Bxc3 28. Nxc3 fxe4 29. Nxe4 Nxe4+ 30. fxe4 Rc2+ 31. Ke3 Rxa2 32. Bc7 Ba4 33. Rc3 Nd7 34. Bxd6 Nf6 35. Bxe5 Ng4+ 36. Kf4 Rf2+ 37. Kxg4 Bd7+ 38. Kh5 Be8+ 39. Kg4 Bd7+ 40. Kh5 Kh7 41. Bxg7 Be8+ 42. Kg4 Bd7+ 43. Kh5 Be8+ 44. Kg4 Bd7+ 45. Kh5 1/2-1/2

[Event "*** SCC Grand Prix: Titled Tuesday Blitz"]
[Site "Chess.com"]
[Date "2020.07.14"]
[Round "6"]
[White "fabianvivasz"]
[Black "JiiHart"]
[Result "1-0"]
[WhiteElo "2253"]
[BlackElo "2096"]
[TimeControl "180+1"]
[EndTime "11:07:02 PDT"]
[Termination "fabianvivasz won on time"]

1. e4 c5 2. Nf3 Nc6 3. d4 cxd4 4. Nxd4 Nf6 5. Nc3 d6 6. Bg5 e6 7. f4 a6 8. Nxc6 bxc6 9. Qf3 Qb6 10. Bxf6 gxf6 11.
Bc4 d5 12. exd5 cxd5 13. O-O-O Rb8 14. Bb3 Bd7 15. Nxd5 exd5 16. Qxd5 Be6 17. Rhe1 Be7 18. Qh5 O-O 19. Rd3 Kh8 20. f5 Qc5 21. Rh3 Qxf5 22. Bxe6 fxe6 23. Qxf5 exf5 24. Rxe7 Rfe8 25. Rhxh7+ Kg8 26. Reg7+ Kf8 27. Rf7+ Kg8 28. Rfg7+ Kf8 29. Ra7 Kg8 30.
Rhg7+ Kh8 31. Rgf7 Kg8 32. Rxf6 1-0

[Event "*** SCC Grand Prix: Titled Tuesday Blitz"]
[Site "Chess.com"]
[Date "2020.07.14"]
[Round "6"]
[White "DaggiGretarsson"]
[Black "Haapana"]
[Result "1-0"]
[WhiteElo "2582"]
[BlackElo "2336"]
[TimeControl "180+1"]
[EndTime "11:07:03 PDT"]
[Termination "DaggiGretarsson won on time"]

1. d4 d5 2. c4 e6 3. Nc3 c5 4. cxd5 exd5 5. Nf3 Nc6 6. g3 Nf6 7. Bg2 Be7 8. O-O O-O 9. Bg5 c4 10. Ne5 Be6 11. e3 Nd7 12. Bxe7 Nxe7 13. Nf3 Nf6 14. b3 Qa5 15. Qd2 Rac8 16. Rfc1 Rfd8 17. h3 Bf5 18. bxc4 dxc4 19. Ne5 Qxe5 20. Bxb7 Rb8 21. Bg2 Qa5 22. e4 Bg6 23. d5 Nd7 24. Qd4 Qc5 25. Rd1 Qxd4 26.
Rxd4 Nb6 27. a4 Rbc8 28. a5 Nd7 29. Nb5 a6 30. Nd6 Rc7 31. Nxc4 Rc5 32. e5 f6 33. e6 Ne5 34. Nb6 N7c6 35. Rd2 Nb4 36. d6 Nbd3 37.
f4 1-0

[Event "*** SCC Grand Prix: Titled Tuesday Blitz"]
[Site "Chess.com"]
[Date "2020.07.14"]
[Round "6"]
[White "mohssenbinaddi"]
[Black "ailime26"]
[Result "1-0"]
[WhiteElo "2159"]
[BlackElo "1865"]
[TimeControl "180+1"]
[EndTime "11:07:03 PDT"]
[Termination "mohssenbinaddi won by resignation"]

1. Nf3 d5 2. g3 Nf6 3. Bg2 e6 4. c4 Be7 5. O-O O-O 6. b3 Nbd7 7.
Bb2 b6 8. Nc3 Bb7 9. d4 c5 10.
cxd5 Nxd5 11. Ne4 Ne3 12. fxe3 Bxe4 13. Qe1 Nf6 14. Rd1 Qc7 15. Ne5 Bxg2 16. Kxg2 Nd5 17. Qf2 f6 18. Nd3 Qb7 19. Kg1 f5 20. Qf3 Bg5 21.
Nf4 Qd7 22. dxc5 bxc5 23. Nxd5 exd5 24. Rxd5 Bxe3+ 25. Kg2 Qe6 26. Rxf5 Rxf5 27. Qxf5 Qxf5 28. Rxf5 Re8 29. Re5 Rxe5 30. Bxe5 Kf7 31. Kf3 Bg1 32. h3 g6 33. Ke4 Ke6 34. Bb8 a6 35. Ba7 Kd6 36. Bb8+ Kc6 37. g4 Bd4 38. e3 Bf6 39.
Be5 Bh4 40. Bf4 Be7 41. Ke5 Bd6+ 42. Ke6 Bxf4 43. exf4 a5 44. f5 a4 45. f6 axb3 46.
axb3 Kb5 47. f7 Kb4 48. f8=Q Kxb3 49. Qxc5 1-0

[Event "*** SCC Grand Prix: Titled Tuesday Blitz"]
[Site "Chess.com"]
[Date "2020.07.14"]
[Round "6"]
[White "bocah_sakit"]
[Black "GOGIEFF"]
[Result "0-1"]
[WhiteElo "2702"]
[BlackElo "2898"]
[TimeControl "180+1"]
[EndTime "11:07:04 PDT"]
[Termination "GOGIEFF won on time"]

1. e4 c5 2. Nf3 d6 3. d4 cxd4 4. Nxd4 Nf6 5. Nc3 a6 6. Bg5 Nbd7 7. f4 Qc7 8. Qf3 g6 9. O-O-O Bg7 10. g4 h6 11. Bh4 e5 12. Nde2 exf4 13. Nxf4 O-O 14.
Nfd5 Nxd5 15. Nxd5 Qa5 16. Qa3 Qxa3 17. bxa3 Nc5 18.
Nb6 Bxg4 19. Rxd6 Nxe4 20. Rd3 Rae8 21. Bg2 g5 22. Be1 Re6 23. Bb4 Nf2 24. Bxf8 Nxd3+ 25. cxd3 Bxf8 26. Nc4 b5 27. Nd2 Bxa3+ 28. Kc2 Re2 29. Bf1 Rf2 30. Kc3 b4+ 31. Kc2 Bd7 32. Kd1 Be6 33. Ke1 Rf4 34. Nc4 a5 35. Kd2 Rf2+ 36.
Be2 Bg4 37. Re1 Rxh2 38. Ke3 Rxe2+ 39. Rxe2 Bc1+ 40. Rd2 a4 41. d4 h5 42. d5 h4 43. Kf2 Bxd2 44. Nxd2 f6 45. Ne4 Kf7 46. Nc5 a3 47. d6 Be6 48. d7 Bxd7 49. Nxd7 b3 0-1

[Event "*** SCC Grand Prix: Titled Tuesday Blitz"]
[Site "Chess.com"]
[Date "2020.07.14"]
[Round "6"]
[White "bgfbfbgfbgfgf"]
[Black "jsl796"]
[Result "0-1"]
[WhiteElo "2665"]
[BlackElo "2856"]
[TimeControl "180+1"]
[EndTime "11:07:04 PDT"]
[Termination "jsl796 won on time"]

1. e4 c6 2. d4 d5 3. exd5 cxd5 4. Nf3 Nc6 5. Ne5 Qb6 6. Nc3 Nxe5 7. dxe5 e6 8. Bb5+ Bd7 9. Bxd7+ Kxd7 10. O-O Ne7 11. Be3 Qc6 12. Qd3 Nf5 13. Rad1 Ke8 14. Ne2 Bc5 15. Bxc5 Qxc5 16. Qb3 b6 17. c3 Rc8 18.
Nd4 Nxd4 19. cxd4 Qc4 20. Qa3 a5 21. b3 Qb4 22. Qb2 Ke7 23. Rc1 Kd7 24. g3 h6 25.
Qe2 Qxd4 26. Qa6 Qxe5 27. Qxb6 d4 28. Rcd1 Ke7 29. Rxd4 Rhd8 30. Rfd1 Rxd4 31. Rxd4 g5 32. Kg2 Kf6 33. h4 Rc2 34. Qd8+ Kg7 35. hxg5 hxg5 36. Rg4 Rxf2+ 37. Kxf2 Qf5+ 38. Kg2 Qxg4 39. Qxa5 Qe2+ 40.
Kg1 Kg6 41. Qa4 Qf3 0-1

[Event "*** SCC Grand Prix: Titled Tuesday Blitz"]
[Site "Chess.com"]
[Date "2020.07.14"]
[Round "6"]
[White "rynos0411"]
[Black "GjakanTati"]
[Result "0-1"]
[WhiteElo "2399"]
[BlackElo "2572"]
[TimeControl "180+1"]
[EndTime "11:07:04 PDT"]
[Termination "GjakanTati won on time"]

1. d4 Nf6 2. c4 g6 3. Nc3 Bg7 4. e4 d6 5. h3 O-O 6. Be3 e5 7. d5 c6 8. g4 a6 9. Nge2 b5 10. Ng3 b4 11. Nb1 cxd5 12. cxd5 Nbd7 13. Nd2 Nc5 14. Be2 Bd7 15. O-O Bb5 16. Kg2 Nd3 17. Bxd3 Bxd3 18. Re1 Rc8 19. Qb3 Bb5 20. Qxb4 h5 21.
g5 Nh7 22. Rac1 Rxc1 23. Rxc1 Nxg5 24. a4 Bd7 25. h4 Nh3 26. Rh1 Nf4+ 27. Kg1 Qc7 28.
Nc4 Rb8 29. Qxd6 Qxd6 30. Nxd6 Rxb2 31. Kh2 Nd3 32. Kg2 Bf8 33. Nc4 Rc2 34. Nb6 Bg4 35. Rb1 Nxf2 36. Bxf2 Bc5 37. Nh1 f5 38. exf5 e4 39.
Kg1 e3 40. Nd7 exf2+ 41. Kg2 Bd4 42. Ng3 gxf5 0-1

[Event "*** SCC Grand Prix: Titled Tuesday Blitz"]
[Site "Chess.com"]
[Date "2020.07.14"]
[Round "6"]
[White "awesomevishesh"]
[Black "Azoulas1"]
[Result "0-1"]
[WhiteElo "2335"]
[BlackElo "2039"]
[TimeControl "180+1"]
[EndTime "11:07:04 PDT"]
[Termination "Azoulas1 won on time"]

1. d4 Nf6 2. c4 e6 3. g3 d5 4. Bg2 dxc4 5. Nf3 c6 6. Ne5 Nbd7 7. Nxc4 c5 8. O-O cxd4 9. Qxd4 Bc5 10. Qh4 O-O 11.
Nc3 Qe7 12. a3 a5 13. Be3 Bxe3 14. Nxe3 Rb8 15. Nc4 b6 16. e4 Qc5 17. Ne3 Ba6 18. Rfd1 Rfd8 19. Rac1 Ne5 20. Ncd5 exd5 21. Rxc5 bxc5 22. Nxd5 Nxd5 23. Rxd5 Rxd5 24. exd5 f6 25. d6 Rxb2 26. Bd5+ Kf8 27. Kg2 Rb1 28. Qxh7 Bf1+ 29. Kg1 Bd3+ 0-1

[Event "*** SCC Grand Prix: Titled Tuesday Blitz"]
[Site "Chess.com"]
[Date "2020.07.14"]
[Round "6"]
[White "YPradafah"]
[Black "crossingthestreet"]
[Result "0-1"]
[WhiteElo "2545"]
[BlackElo "2429"]
[TimeControl "180+1"]
[EndTime "11:07:05 PDT"]
[Termination "crossingthestreet won by resignation"]

1. d4 Nf6 2. Nf3 d5 3. Bf4 e6 4.
e3 Bd6 5. Ne5 O-O 6. Nd2 c5 7.
c3 Qc7 8. Ndf3 b6 9. Bd3 Ba6 10. h3 Bxd3 11. Qxd3 Nbd7 12. O-O Ne4 13. Nxd7 Qxd7 14.
Nd2 Bxf4 15. exf4 Nxd2 16. Qxd2 a5 17. Rfe1 a4 18. a3 Rfc8 19. Rad1 Qb5 20. f5 exf5 21. dxc5 Rxc5 22. Re5 Rd8 23. Rxf5 d4 24. Rf3 Rcd5 25. Qf4 f6 26. Rg3 d3 27. Qxf6 Qd7 28. Qf4 Re8 29. Kh2 d2 30. Qc4 Kh8 31. Qg4 Qxg4 32.
Rxg4 Re1 33. c4 Rd8 34. Rxd2 Rxd2 35. Rg3 Rxb2 0-1